 Dungeon Crawl Stone Soup version 0.31.0-1-g2c135a0 (webtiles) character file.

Game seed: 16005448412550892502

1477 jagoly the Destroyer (level 8, 0/55 HPs)
             Began as an Octopode Conjurer on Jan 24, 2024.
             Was a Believer of Cheibriados.
             Slain by a white imp (2 damage)
             ... on level 6 of the Dungeon.
             The game lasted 00:18:06 (1656 turns).

jagoly the Destroyer (Octopode Conjurer)            Turns: 1656, Time: 00:18:07

Health: 0/55       AC:  3    Str: 11    XL:     8   Next: 78%
Magic:  1/11       EV: 14    Int: 30    God:    Cheibriados [**....]
Gold:   178        SH:  0    Dex: 15    Spells: 4/11 levels left

rFire   . . .        a - +10 short sword of Wymavoy {venom, ^Contam rCorr Int+2}
rCold   . . .        (no shield)
rNeg    . . .        s - +2 hat
rPois   .            (no amulet)
rElec   .            (no ring)
rCorr   +            (no ring)
SInv    .            (no ring)
Will    +....        (no ring)
Stlth   ++++         (no ring)
HPRegen 0.29/turn    (no ring)
MPRegen 0.12/turn    (no ring)
                     (no ring)

%: no passive effects
@: attractive, enlightened, flying, very slow
A: almost no armour, amphibious, 8 rings, camouflage 1, gelatinous body 1,
(nimble swimmer 1), tentacles
a: Renounce Religion, Bend Time


You were on level 6 of the Dungeon.
You worshipped Cheibriados.
Cheibriados was pleased with you.
You visited 2 branches of the dungeon, and saw 7 of its levels.
You also visited: Sewer.

You collected 178 gold pieces.

Inventory:

Hand Weapons
 a - the +10 short sword of Wymavoy (weapon) {venom, ^Contam rCorr Int+2}
   (You found it on level 2 of the Dungeon)

   Int+2:     It affects your intelligence (+2).
   ^Contam:   It causes magical contamination when unequipped.
   rCorr:     It protects you from acid and corrosion.
 q - a +0 spear
Missiles
 b - 36 stones
Armour
 s - a +2 hat (worn)
Scrolls
 d - 2 scrolls of immolation {unknown}
 e - a scroll of poison {unknown}
 h - a scroll of vulnerability {unknown}
 j - 3 scrolls of teleportation {unknown}
 k - 2 scrolls of fog {unknown}
 m - 2 scrolls of blinking
 n - 3 scrolls of identify {unknown}
 o - 2 scrolls of enchant weapon {unknown}
 p - a scroll of fear {unknown}
Potions
 c - 2 potions of enlightenment
 f - 2 potions of magic
 g - 2 potions of ambrosia {unknown}
 i - 2 potions of haste {unknown}
 l - a potion of cancellation {unknown}
 r - 2 potions of attraction
 t - 2 potions of brilliance {unknown}


   Skills:
 + Level 5.3 Fighting
 - Level 4.0 Dodging
 - Level 4.0 Stealth
 - Level 2.0 Spellcasting
 - Level 8.0 Conjurations
 - Level 4.0 Fire Magic


You had 4 spell levels left.
You knew the following spells:

 Your Spells              Type           Power      Damage    Failure   Level
a - Magic Dart            Conj           100%       1d8       1%          1
e - Flame Wave            Conj/Fire      39%        2d11      7%          4
s - Searing Ray           Conj           100%       2d8       1%          2

Your spell library contained the following spells:

 Spells                   Type           Power      Damage    Failure   Level
 Summon Small Mammal      Summ           12%        N/A       8%          1
 Inner Flame              Hex/Fire       15%        N/A       11%         3
 Fulminant Prism          Conj/Alch      13%        3d9       16%         4
 Iskenderun's Mystic Bla  Conj/Tloc      27%        2d7       16%         4
 Call Canine Familiar     Summ           3%         N/A       24%         3
 Sticky Flame             Fire/Alch      15%        2d5       34%         4
 Summon Blazeheart Golem  Fire/Summ      15%        N/A       34%         4


Dungeon Overview and Level Annotations

Branches:
Dungeon (6/15) Zot: 40406  Temple (1/1) D:5 Zot: 8902   Sewer (visited)

Altars:
Ashenzari
Cheibriados
Elyvilon
Gozag
Hepliaklqana
Makhleb
Nemelex Xobeh
Qazlal
Ru
Sif Muna
Trog
Uskayaw
Wu Jian
Xom
Yredelemnul
The Shining One

Shops:
D:4 =


Innate Abilities, Weirdness & Mutations

You cannot wear most types of armour.
You are amphibious.
You can wear up to eight rings at the same time.
Your skin changes colour to match your surroundings (Stealth+).
Your rubbery body absorbs attacks. (AC +1, EV +1)
((You are camouflaged when in or above water. (Stealth+)))
You have tentacles for arms and can constrict up to eight enemies at once.


Message History

Cheibriados appreciates the change of pace.
Things that are here:
a giant cockroach corpse; a giant cockroach corpse A ball python comes into view.
The helpless ball python fails to defend itself.
You puncture the ball python!
You kill the ball python!
Cheibriados appreciates the change of pace.
You enter the shallow water.
Found a gate leading back out of this place.
A dart slug comes into view.
Found a scroll of blinking.
Cast which spell? (? or * to list)
Aiming: Magic Dart (safe; 1% risk of failure)
Press: ? - help, Shift-Dir - straight line, f - dart slug
Aim: a dart slug (asleep, 100% to hit)
The magic dart hits the dart slug!
The dart slug is severely wounded.
Cast which spell? (? or * to list)
Aiming: Magic Dart (safe; 1% risk of failure)
Press: ? - help, Shift-Dir - straight line, f/p - dart slug
Aim: a dart slug (severely wounded, 100% to hit)
The magic dart hits the dart slug.
The dart slug is severely wounded.
The dart slug launches a dart at you. The slug dart misses you.
Cast which spell? (? or * to list)
Aiming: Magic Dart (safe; 1% risk of failure)
Press: ? - help, Shift-Dir - straight line, f/p - dart slug
Aim: a dart slug (severely wounded, 100% to hit)
The magic dart hits the dart slug.
You kill the dart slug!
Found 2 viscous clear potions.
A bullfrog comes into view.
A bullfrog comes into view.
Cast which spell? (? or * to list)
Aiming: Magic Dart (safe; 1% risk of failure)
Press: ? - help, Shift-Dir - straight line, f - bullfrog
Aim: a bullfrog (water, asleep, 100% to hit)
The magic dart hits the bullfrog.
The bullfrog is moderately wounded.
The bullfrog gives a loud, deep croak!
The bullfrog croaks.
Cast which spell? (? or * to list)
Aiming: Magic Dart (safe; 1% risk of failure)
Press: ? - help, Shift-Dir - straight line, f/p - bullfrog
Aim: a bullfrog (water, lightly wounded, 100% to hit)
The magic dart hits the bullfrog.
The bullfrog is moderately wounded.
Cast which spell? (? or * to list)
Aiming: Magic Dart (safe; 1% risk of failure)
Press: ? - help, Shift-Dir - straight line, f/p - bullfrog
Aim: a bullfrog (moderately wounded, 100% to hit)
The magic dart hits the bullfrog.
The bullfrog is heavily wounded.
The bullfrog completely misses you. The bullfrog misses you.
Hit: a) +10 short sword of Wymavoy {venom, ^Contam rCorr Int+2}
Press: ? - help, Dir - move target, f/p - bullfrog
Aim: a bullfrog (heavily wounded, about 35% to evade the +10 short sword of Wymavoy)
You closely miss the bullfrog. You grab the bullfrog. You squeeze the bullfrog.
The bullfrog is heavily wounded.
You constrict the bullfrog. The bullfrog hits you! The bullfrog hits you. x2
* * * LOW HITPOINT WARNING * * *
Hit: a) +10 short sword of Wymavoy {venom, ^Contam rCorr Int+2}
Press: ? - help, Dir - move target, f/p - bullfrog
Aim: a bullfrog (severely wounded, constricted by you, about 8% to evade the +10 short sword of Wymavoy)
You hit the bullfrog.
The bullfrog is poisoned.
The bullfrog is severely wounded.
You constrict the bullfrog. The bullfrog hits you.
* * * LOW HITPOINT WARNING * * *
The bullfrog closely misses you. x2
Cast which spell? (? or * to list)
Okay, then.
Unknown command.
Hit: a) +10 short sword of Wymavoy {venom, ^Contam rCorr Int+2}
Press: ? - help, Dir - move target, f - bullfrog, p - bullfrog
Aim: a bullfrog (about 35% to evade the +10 short sword of Wymavoy)
You closely miss the bullfrog. You grab the bullfrog.
You constrict the bullfrog. x2; The bullfrog misses you.
The bullfrog hits you!
* * * LOW HITPOINT WARNING * * *
The bullfrog barely misses you. The giant cockroach closely misses you.
Hit: a) +10 short sword of Wymavoy {venom, ^Contam rCorr Int+2}
Press: ? - help, Dir - move target, f/p - bullfrog
Aim: a bullfrog (lightly wounded, constricted by you, about 8% to evade the +10 short sword of Wymavoy)
You hit the bullfrog.
The bullfrog is poisoned.
The bullfrog is moderately wounded.
You constrict the bullfrog. x2
You kill the bullfrog!
Cheibriados appreciates the change of pace.
The bullfrog closely misses you. The giant cockroach bites you.
* * * LOW HITPOINT WARNING * * *
Training target 4.0 for Stealth reached!
Your Stealth skill increases to level 4!
You have reached level 8!
Unknown command.
Press: ? - help, v - describe, . - travel
Here: a bullfrog (heavily wounded, constricted by you, very poisoned) Some shallow water.
Unknown command.
Hit: a) +10 short sword of Wymavoy {venom, ^Contam rCorr Int+2}
Press: ? - help, Dir - move target, f/p - bullfrog
Aim: a bullfrog (heavily wounded, constricted by you, very poisoned, about 8% to evade the +10 short sword of Wymavoy)
You puncture the bullfrog!
The bullfrog looks as sick as possible!
You squeeze the bullfrog.
You kill the bullfrog!
Cheibriados appreciates the change of pace.
The giant cockroach barely misses you.
Your Dodging skill increases to level 3!
Hit: a) +10 short sword of Wymavoy {venom, ^Contam rCorr Int+2}
Press: ? - help, Dir - move target, f - giant cockroach
Aim: a giant cockroach (about 29% to evade the +10 short sword of Wymavoy)
You closely miss the giant cockroach. Your grab misses the giant cockroach.
The giant cockroach bites you.
* * * LOW HITPOINT WARNING * * *
Hit: a) +10 short sword of Wymavoy {venom, ^Contam rCorr Int+2}
Press: ? - help, Dir - move target, f/p - giant cockroach
Aim: a giant cockroach (about 29% to evade the +10 short sword of Wymavoy)
You hit the giant cockroach but do no damage.
You grab the giant cockroach. You constrict the giant cockroach.
The giant cockroach barely misses you.
Hit: a) +10 short sword of Wymavoy {venom, ^Contam rCorr Int+2}
Press: ? - help, Dir - move target, f/p - giant cockroach
Aim: a giant cockroach (moderately wounded, constricted by you, about 11% to evade the +10 short sword of Wymavoy)
You puncture the giant cockroach!
You kill the giant cockroach!
Cheibriados appreciates the change of pace.
m - 2 scrolls of blinking (gained 1)
r - 2 viscous clear potions
j - 3 scrolls labelled VUCYNWOMMOTSU (gained 1)
b - 31 stones (gained 4)
c - 3 metallic grey potions (gained 1)
o - 2 scrolls labelled XOFFUNWAIGI (gained 1)
You enter the deep water.
You see here a dart slug corpse.
You enter the shallow water.
A frilled lizard comes into view.
You are too injured to fight recklessly!
You are too injured to fight recklessly!
Hit: a) +10 short sword of Wymavoy {venom, ^Contam rCorr Int+2}
Press: ? - help, Dir - move target, f - adder
Aim: an adder (asleep, about 2% to evade the +10 short sword of Wymavoy)
The helpless adder fails to defend itself.
You impale the adder!!
You kill the adder!
Cheibriados thoroughly appreciates the change of pace.
An adder comes into view.
Hit: a) +10 short sword of Wymavoy {venom, ^Contam rCorr Int+2}
Press: ? - help, Dir - move target, f - frilled lizard
Aim: a frilled lizard (asleep, about 2% to evade the +10 short sword of Wymavoy)
The helpless frilled lizard fails to defend itself.
You impale the frilled lizard!!
You kill the frilled lizard!
Cheibriados appreciates the change of pace.
A dart slug comes into view.
A dart slug comes into view.
The adder barely misses you.
Hit: a) +10 short sword of Wymavoy {venom, ^Contam rCorr Int+2}
Press: ? - help, Dir - move target, f - adder
Aim: an adder (about 43% to evade the +10 short sword of Wymavoy)
You closely miss the adder. You grab the adder. You constrict the adder.
The adder bites you but does no damage.
Hit: a) +10 short sword of Wymavoy {venom, ^Contam rCorr Int+2}
Press: ? - help, Dir - move target, f/p - adder
Aim: an adder (lightly wounded, constricted by you, about 16% to evade the +10 short sword of Wymavoy)
You completely miss the adder.
The adder is lightly wounded.
You constrict the adder, but do no damage.
The adder misses you.
Hit: a) +10 short sword of Wymavoy {venom, ^Contam rCorr Int+2}
Press: ? - help, Dir - move target, f/p - adder
Aim: an adder (lightly wounded, constricted by you, about 16% to evade the +10 short sword of Wymavoy)
You puncture the adder!
The adder is poisoned.
You squeeze the adder.
You kill the adder!
Cheibriados thoroughly appreciates the change of pace.
Cheibriados raises the support of your attributes as your movement slows.
Hit: a) +10 short sword of Wymavoy {venom, ^Contam rCorr Int+2}
Press: ? - help, Dir - move target, f - you
Okay, then.
The dart slug launches a dart at you. The slug dart misses you.
You see here an adder corpse.
Hit: a) +10 short sword of Wymavoy {venom, ^Contam rCorr Int+2}
Press: ? - help, Dir - move target, f - dart slug
Aim: a dart slug (about 6% to evade the +10 short sword of Wymavoy)
You hit the dart slug. You grab the dart slug. You squeeze the dart slug.
The dart slug is heavily wounded.
You constrict the dart slug. The dart slug launches a dart at you.
The slug dart misses you.
Hit: a) +10 short sword of Wymavoy {venom, ^Contam rCorr Int+2}
Press: ? - help, Dir - move target, f/p - dart slug
Aim: a dart slug (severely wounded, constricted by you, about 2% to evade the +10 short sword of Wymavoy)
You hit the dart slug.
You kill the dart slug!
Hit: a) +10 short sword of Wymavoy {venom, ^Contam rCorr Int+2}
Press: ? - help, Dir - move target, f - dart slug
Aim: a dart slug (about 6% to evade the +10 short sword of Wymavoy)
You barely miss the dart slug. You grab the dart slug.
You squeeze the dart slug.
The dart slug is severely wounded.
You constrict the dart slug. The dart slug closely misses you.
Hit: a) +10 short sword of Wymavoy {venom, ^Contam rCorr Int+2}
Press: ? - help, Dir - move target, f/p - dart slug
Aim: a dart slug (almost dead, constricted by you, about 2% to evade the +10 short sword of Wymavoy)
You puncture the dart slug!
You kill the dart slug!
Your Fire Magic skill increases to level 3!
A giant cockroach comes into view.
A frilled lizard and 2 giant cockroaches come into view.
The helpless giant cockroach fails to defend itself.
You puncture the giant cockroach!
You kill the giant cockroach!
Cheibriados appreciates the change of pace.
The giant cockroach misses you. The giant cockroach bites you.
You puncture the giant cockroach!
You kill the giant cockroach!
Cheibriados appreciates the change of pace.
You see here a giant cockroach corpse.
A giant cockroach comes into view.
The helpless frilled lizard fails to defend itself.
You impale the frilled lizard!!
You kill the frilled lizard!
Cheibriados appreciates the change of pace.
You closely miss the giant cockroach. You grab the giant cockroach.
You squeeze the giant cockroach.
You kill the giant cockroach!
Cheibriados appreciates the change of pace.
A frilled lizard comes into view.
You see here a giant cockroach corpse.
The giant cockroach closely misses you.
You puncture the giant cockroach!
You kill the giant cockroach!
Cheibriados appreciates the change of pace.
A frilled lizard comes into view.
The helpless frilled lizard fails to defend itself.
You impale the frilled lizard!!
You kill the frilled lizard!
Cheibriados appreciates the change of pace.
You see here a frilled lizard corpse.
The helpless frilled lizard fails to defend itself.
You puncture the frilled lizard!
You kill the frilled lizard!
Cheibriados appreciates the change of pace.
No target in view!
No target in view!
No target in view!
You enter the shallow water.
You enter the shallow water.
A giant cockroach comes into view.
A dart slug and a frilled lizard come into view.
The helpless dart slug fails to defend itself.
You puncture the dart slug!
You kill the dart slug!
You barely miss the giant cockroach. Your grab misses the giant cockroach.
The giant cockroach bites you.
You hit the giant cockroach but do no damage.
You grab the giant cockroach. You tentacle-slap the giant cockroach.
You squeeze the giant cockroach, but do no damage.
The giant cockroach is severely wounded.
You constrict the giant cockroach, but do no damage.
The giant cockroach splashes around in the water.
You hit the giant cockroach.
You kill the giant cockroach!
Cheibriados appreciates the change of pace.
The helpless frilled lizard fails to defend itself.
You puncture the frilled lizard!
You kill the frilled lizard!
Cheibriados appreciates the change of pace.
No target in view!
You enter the shallow water.
There is a gate leading back out of this place here.
Welcome back to the Dungeon!
There is a collapsed entrance here.
You enter the shallow water.
Found 5 stones, 11 gold pieces and a glowing hat.
Found a stone staircase leading down.
You see here a +2 hat.
You start putting on your armour.
You continue putting on your +2 hat. x4
You finish putting on your +2 hat.
b - 36 stones (gained 5)
You now have 152 gold pieces (gained 11).
There is a stone staircase leading down here.
You climb downwards.
Found 2 ruby potions.
There is a stone staircase leading up here.
An orc comes into view. It is wielding a +0 hand axe.
Cast which spell? (? or * to list)
Aiming: Searing Ray (safe; 1% risk of failure)
Press: ? - help, Shift-Dir - straight line, f - steam dragon
Aim: a steam dragon (83% to hit)
The searing ray hits the steam dragon!
The steam dragon is moderately wounded. (Press . to maintain the ray.)
The orc shouts!
Hit: a) +10 short sword of Wymavoy {venom, ^Contam rCorr Int+2}
Press: ? - help, Dir - move target, f/p - steam dragon
Aim: a steam dragon (moderately wounded, about 29% to evade the +10 short sword of Wymavoy)
You puncture the steam dragon!
The steam dragon is heavily wounded.
The steam dragon breathes steam at you. The ball of steam hits you!
You hear a loud, deep croak!
Hit: a) +10 short sword of Wymavoy {venom, ^Contam rCorr Int+2}
Press: ? - help, Dir - move target, f/p - steam dragon
Aim: a steam dragon (heavily wounded, catching its breath, about 29% to evade the +10 short sword of Wymavoy)
You hit the steam dragon.
The steam dragon is severely wounded.
The steam dragon bites you. The steam dragon closely misses you.
Cast which spell? (? or * to list)
Casting: Flame Wave (dangerous; 9% risk of failure)
Press: ? - help, Dir - look around, f - activate A wave of flame ripples out!
The flame wave engulfs the steam dragon!
You kill the steam dragon!
Cheibriados appreciates the change of pace.
The flame wave engulfs the orc!
You kill the orc!
Cheibriados appreciates the change of pace. (Press . to intensify the flame waves.) Training target 8.0 for Conjurations reached!
Your Conjurations skill increases to level 8!
A phantom comes into view.
A bullfrog comes into view.
The phantom hits you.
The phantom blinks!
You blink.
The bullfrog moves out of view.
Hit: a) +10 short sword of Wymavoy {venom, ^Contam rCorr Int+2}
Press: ? - help, Dir - move target, f - phantom
Aim: a phantom (about 36% to evade the +10 short sword of Wymavoy)
You closely miss the phantom. The phantom hits you.
The phantom blinks!
You blink.
Cast which spell? (? or * to list)
Okay, then.
Hit: a) +10 short sword of Wymavoy {venom, ^Contam rCorr Int+2}
Press: ? - help, Dir - move target, f/p - phantom
Aim: a phantom (about 36% to evade the +10 short sword of Wymavoy)
You closely miss the phantom. Your squeeze misses the phantom.
The phantom hits you.
The phantom blinks!
You blink.
Hit: a) +10 short sword of Wymavoy {venom, ^Contam rCorr Int+2}
Press: ? - help, Dir - move target, f/p - phantom
Aim: a phantom (about 36% to evade the +10 short sword of Wymavoy)
You closely miss the phantom. Your squeeze misses the phantom.
The phantom misses you.
Hit: a) +10 short sword of Wymavoy {venom, ^Contam rCorr Int+2}
Press: ? - help, Dir - move target, f/p - phantom
Aim: a phantom (about 36% to evade the +10 short sword of Wymavoy)
You hit the phantom. Your squeeze misses the phantom.
The phantom is lightly damaged.
The phantom hits you but does no damage.
Hit: a) +10 short sword of Wymavoy {venom, ^Contam rCorr Int+2}
Press: ? - help, Dir - move target, f/p - phantom
Aim: a phantom (lightly damaged, about 36% to evade the +10 short sword of Wymavoy)
You puncture the phantom!
The phantom is heavily damaged.
The phantom hits you.
* * * LOW HITPOINT WARNING * * *
The phantom blinks!
You blink.
Found an escape hatch in the ceiling.
Hit: a) +10 short sword of Wymavoy {venom, ^Contam rCorr Int+2}
Press: ? - help, Dir - move target, f/p - phantom
Aim: a phantom (heavily damaged, about 36% to evade the +10 short sword of Wymavoy)
You barely miss the phantom. Your squeeze misses the phantom.
The phantom is heavily damaged.
The phantom barely misses you.
Hit: a) +10 short sword of Wymavoy {venom, ^Contam rCorr Int+2}
Press: ? - help, Dir - move target, f/p - phantom
Aim: a phantom (heavily damaged, about 36% to evade the +10 short sword of Wymavoy)
You hit the phantom but do no damage. You squeeze the phantom.
The phantom is severely damaged.
The phantom hits you.
* * * LOW HITPOINT WARNING * * *
Hit: a) +10 short sword of Wymavoy {venom, ^Contam rCorr Int+2}
Press: ? - help, Dir - move target, f/p - phantom
Aim: a phantom (severely damaged, about 36% to evade the +10 short sword of Wymavoy)
You hit the phantom. Your squeeze misses the phantom.
The phantom is severely damaged.
The phantom hits you.
* * * LOW HITPOINT WARNING * * *
Cast which spell? (? or * to list)
Casting: Flame Wave (dangerous; 8% risk of failure)
Press: ? - help, Dir - look around, f - activate A wave of flame ripples out!
The flame wave engulfs the phantom!
You destroy the phantom!
Cheibriados appreciates the change of pace.
Cheibriados raises the support of your attributes as your movement slows.
The flame wave engulfs the phantom!
The phantom is moderately damaged. (Press . to intensify the flame waves.)
The phantom barely misses you.
Your Fighting skill increases to level 4!
A wave of flame ripples out!
The flame wave engulfs the phantom.
The phantom is heavily damaged.
The phantom hits you.
* * * LOW HITPOINT WARNING * * *
The phantom blinks!
You blink.
Hit: a) +10 short sword of Wymavoy {venom, ^Contam rCorr Int+2}
Press: ? - help, Dir - move target, f - phantom
Aim: a phantom (heavily damaged, about 35% to evade the +10 short sword of Wymavoy)
You hit the phantom.
The phantom is severely damaged.
The phantom misses you.
Hit: a) +10 short sword of Wymavoy {venom, ^Contam rCorr Int+2}
Press: ? - help, Dir - move target, f/p - phantom
Aim: a phantom (severely damaged, about 35% to evade the +10 short sword of Wymavoy)
You hit the phantom.
The phantom is almost destroyed.
The phantom hits you.
* * * LOW HITPOINT WARNING * * *
The phantom blinks!
You blink.
Hit: a) +10 short sword of Wymavoy {venom, ^Contam rCorr Int+2}
Press: ? - help, Dir - move target, f/p - phantom
Aim: a phantom (almost destroyed, about 35% to evade the +10 short sword of Wymavoy)
You hit the phantom.
You destroy the phantom!
Cheibriados appreciates the change of pace.
Training target 4.0 for Fire Magic reached!
Your Fire Magic skill increases to level 4!
t - 2 ruby potions
Found 13 gold pieces.
Found 13 gold pieces.
Found a robe.
You now have 165 gold pieces (gained 13).
Found a viscous clear potion.
You now have 178 gold pieces (gained 13).
Found 19 gold pieces.
Found an escape hatch in the floor.
r - 3 viscous clear potions (gained 1)
Found a grey potion.
The bullfrog gives a loud, deep croak!
You hear an angry growl.
You hear an angry hiss.
Cast which spell? (? or * to list)
Aiming: Searing Ray (safe; 1% risk of failure)
Press: ? - help, Shift-Dir - straight line, f - bullfrog
Aim: a bullfrog (79% to hit)
The searing ray hits the bullfrog!
The bullfrog is heavily wounded. (Press . to maintain the ray.)
The searing ray hits the bullfrog!
The bullfrog is almost dead.
The searing ray hits the bullfrog!
You kill the bullfrog!
Cheibriados appreciates the change of pace.
A black bear comes into view.
Found a stone staircase leading up.
You see here 19 gold pieces.
Cast which spell? (? or * to list)
Aiming: Magic Dart (safe; 1% risk of failure)
Press: ? - help, Shift-Dir - straight line, f - black bear
Aim: a black bear (wandering, hasn't noticed you, 100% to hit)
The magic dart hits the black bear!
The black bear is moderately wounded.
The black bear growls angrily.
Something shouts, "Slither away, thou gleeking fen-sucked hugger-mugger!"
A bullfrog comes into view.
Cast which spell? (? or * to list)
Aiming: Searing Ray (safe; 1% risk of failure)
Press: ? - help, Shift-Dir - straight line, f/p - black bear
Aim: a black bear (moderately wounded, 87% to hit)
The searing ray hits the black bear!
The black bear is severely wounded. (Press . to maintain the ray.)
The bullfrog gives a loud, deep croak!
The searing ray hits the black bear!
You kill the black bear!
Cheibriados appreciates the change of pace.
Training target 4.0 for Dodging reached!
Your Fighting skill increases to level 5!
Your Dodging skill increases to level 4!
The searing ray hits the bullfrog!
The bullfrog is heavily wounded.
* * * LOW MAGIC WARNING * * *
A white imp comes into view.
A steam dragon comes into view.
The bullfrog hits you but does no damage.
The bullfrog barely misses you.
You closely miss the bullfrog. You grab the bullfrog.
The bullfrog is moderately wounded.
You constrict the bullfrog. The bullfrog hits you!
The white imp gestures at you. The puff of frost hits you!
* * * LOW HITPOINT WARNING * * *
Hit: a) +10 short sword of Wymavoy {venom, ^Contam rCorr Int+2}
Press: ? - help, Dir - move target, f - bullfrog
Aim: a bullfrog (heavily wounded, constricted by you, about 8% to evade the +10 short sword of Wymavoy)
You puncture the bullfrog!
The bullfrog is poisoned.
The bullfrog is almost dead.
You constrict the bullfrog.
You kill the bullfrog!
Cheibriados thoroughly appreciates the change of pace.
The white imp gestures at you. The puff of frost hits you.
* * * LOW HITPOINT WARNING * * *
The white imp gestures at you. The puff of frost hits you!
* * * LOW HITPOINT WARNING * * *
It was a potion of enlightenment.
You feel very buoyant.
You fly up into the air.
It was a potion of attraction.
You feel attractive to monsters. The white imp hits you.
* * * LOW HITPOINT WARNING * * *
The white imp freezes you.
You die...

####...............#..#..
#.........#........#.#
#...#..##........#...#
#....#.###........#..#
#.#....###........#..####
..#.##.##.........>......
# #. #...#............
#.....#..........
#..#.@#.$†.......
#..#.5#..........
...##.#..D.......
...†.........
.#.#####...!. ..... .....
..... ..... #.....# .<


You could see a white imp.

Vanquished Creatures
  A steam dragon (D:6)
  A black bear (D:6)
  3 phantoms
  4 bullfrogs
  2 scorpions (D:5)
  2 jellies (D:5)
  A gnoll bouda (D:5)
  3 hounds
  An orc priest (D:4)
  An iguana (D:4)
  5 orc wizards
  4 gnolls (D:5)
  13 adders
  A river rat (D:5)
  8 dart slugs (Sewer)
  A ribbon worm (D:2)
  9 orcs
  4 endoplasms
  21 giant cockroaches
  4 goblins
  2 hobgoblins
  4 kobolds
  A quokka (D:2)
  6 ball pythons
  12 frilled lizards
  3 rats
117 creatures vanquished.

Notes
Turn   | Place    | Note
-------+----------+-------------------------------------------
     0 | D:1      | jagoly the Octopode Conjurer began the quest for the Orb.
     0 | D:1      | Reached XP level 1. HP: 11/11 MP: 3/3
   104 | D:2      | Reached skill level 1 in Fighting
   104 | D:2      | Reached XP level 2. HP: 12/18 MP: 1/5
   125 | D:2      | Identified the +10 short sword of Wymavoy {venom, ^Contam
                  | rCorr Int+2}
   172 | D:2      | Reached XP level 3. HP: 17/23 MP: 4/6
   273 | D:2      | Identified the +0 ring mail of Ignis's Pride {*Corrode
                  | Str+6 Dex+2}
   361 | D:4      | Reached XP level 4. HP: 23/29 MP: 7/7
   413 | D:4      | Reached skill level 5 in Conjurations
   430 | D:4      | Reached XP level 5. HP: 24/36 MP: 6/8
   484 | D:4      | Found an opulent altar of Gozag.
   543 | D:4      | Reached skill level 6 in Conjurations
   719 | D:4      | Learned a level 2 spell: Searing Ray
   740 | D:4      | Reached XP level 6. HP: 39/42 MP: 7/9
   758 | D:4      | Found Ribb's Jewellery Shop.
  1000 | D:5      | Entered Level 5 of the Dungeon
  1027 | D:5      | Reached skill level 7 in Conjurations
  1028 | D:5      | Reached XP level 7. HP: 14/46 MP: 1/10
  1068 | D:5      | Found a staircase to the Ecumenical Temple.
  1076 | Temple   | Entered the Ecumenical Temple
  1110 | Temple   | Became a worshipper of Cheibriados the Contemplative
  1116 | Temple   | Learned a level 4 spell: Flame Wave
  1157 | D:5      | Reached skill level 1 in Fire Magic
  1307 | D:5      | Found a glowing drain.
  1332 | Sewer    | Entered a sewer
  1341 | Sewer    | Reached * piety under Cheibriados
  1434 | Sewer    | Reached XP level 8. HP: 11/52 MP: 5/11
  1479 | Sewer    | Reached ** piety under Cheibriados
  1591 | D:6      | Reached skill level 8 in Conjurations
  1648 | D:6      | Reached skill level 5 in Fighting
  1654 | D:6      | HP: 2/55 [white imp/puff of frost (10)]
  1656 | D:6      | Slain by a white imp

Illustrated notes

Levels and vault maps discovered:
D:1:      wander_arrival_desolate, layout_basic
D:2:      minmay_roachtagon, layout_rooms, chequers_ecumenical_altar_twisty,
          uniq_robin
D:3:      layout_loops_ring, chequers_serial_rivers_room_b,
          hangedman_decor_lopped, minivault_14, moated_statue
D:4:      cheibrodos_pilgrimage, layout_basic, grunt_gozag_statues,
          serial_shops, nicolae_shop_tiny_glass
D:5:      layout_basic, minmay_temple_entry_mist, portal_sewer_entry_b
D:6:      layout_rooms, grunt_temple_overflow_open, nicolae_grassy_gnolls
Temple:   regret_index_temple_generic_petals

Skill      XL: |  1  2  3  4  5  6  7  8 |
---------------+-------------------------+-----
Fighting       | 1 2 3 5 |  5.3
Stealth        | 3 4 |  4.0
Conjurations   | 5 6 7 8 |  8.0
Fire Magic     | 2 4 |  4.0
Dodging        | 4 |  4.0
Spellcasting   | |  2.0

Action                     |  1- 3 |  4- 6 |  7- 9 || total
---------------------------+-------+-------+-------++-------
  Melee: Unarmed           |     7 |       |       ||     7
         Short sword       |    49 |    40 |    75 ||   164
         Constrict         |    11 |     8 |    13 ||    32
         Tentacles         |     6 |     8 |    12 ||    26
         Punch             |       |       |     2 ||     2
   Cast: Magic Dart        |    11 |    14 |    22 ||    47
         Searing Ray       |       |     3 |     9 ||    12
         Flame Wave        |       |       |     3 ||     3
    Use: Potion            |       |       |     2 ||     2
   Stab: Sleeping          |     4 |    11 |     9 ||    24
 Armour: Skin              |    21 |    19 |    47 ||    87
  Dodge: Dodged            |    46 |    13 |    47 ||   106
